 Dungeon Crawl Stone Soup version 0.31.0-4-g52a2dc7128 (webtiles) character file.

Game seed: 17554861498689670794

4291 MollyMolluskus the Grappler (level 10, -8/71 HPs)
             Began as an Octopode Fighter on Jan 22, 2024.
             Was a Follower of Wu Jian.
             Mangled by an orc warrior
             ... wielding a +0 halberd
              (14 damage)
             ... on level 8 of the Dungeon.
             The game lasted 00:28:35 (6626 turns).

MollyMolluskus the Grappler (Octopode Fighter)      Turns: 6626, Time: 00:28:35

Health: -8/71      AC:  5    Str: 19    XL:     10   Next: 32%
Magic:  10/10      EV: 16    Int: 10    God:    Wu Jian [*.....]
Gold:   337        SH:  0    Dex: 16    Spells: 9/9 levels left

rFire   + .          .
                       - Unarmed
rCold   . . .        a - +2 buckler
rNeg    . . .        (helmet restricted)
rPois   .            (no amulet)
rElec   .            d - ring "Haeqapn" {AC+4 Dex+3}
rCorr   .            f - ring of protection from fire
SInv    .            (no ring)
Will    .....        (no ring)
Stlth   ++           (no ring)
HPRegen 0.31/turn    (no ring)
MPRegen 0.12/turn    (no ring)
                     (no ring)

%: no passive effects
@: confused, lethally poisoned (-8 -> -9), ambrosia-drunk
A: almost no armour, amphibious, 8 rings, camouflage 1, gelatinous body 1,
(nimble swimmer 1), tentacles
a: Renounce Religion


You were on level 8 of the Dungeon.
You worshipped Wu Jian.
Wu Jian was aware of your devotion.
You visited 1 branch of the dungeon, and saw 8 of its levels.
You also visited: Sewer.

You collected 337 gold pieces.

Inventory:

Missiles
 j - 24 poisoned darts
 r - 4 boomerangs (quivered)
Armour
 a - a +2 buckler (worn)
 b - a +0 hat
Jewellery
 d - the ring "Haeqapn" (left tentacle) {AC+4 Dex+3}
   (You acquired it on level 6 of the Dungeon)

   [ring of protection]

   AC+4:      It affects your AC (+4).
   Dex+3:     It affects your dexterity (+3).
 f - a ring of protection from fire (right tentacle)
Talismans
 n - a granite talisman
 x - a blade talisman
Wands
 k - a wand of roots (3)
 p - a wand of charming (36)
 u - a wand of acid (10)
Scrolls
 c - a scroll of butterflies
 e - 4 scrolls of poison
 i - 3 scrolls of blinking
 o - 2 scrolls of fog
 t - 2 scrolls of identify
 v - a scroll of immolation
Potions
 g - a potion of haste
 h - 3 potions of enlightenment
 l - 2 potions of attraction
 q - a potion of cancellation
 s - a potion of mutation


   Skills:
 + Level 7.0 Fighting
 + Level 7.2 Dodging
 - Level 4.0 Stealth
 - Level 4.0 Shields
 * Level 9.3 Unarmed Combat
 + Level 5.3 Shapeshifting


You had 9 spell levels left.
You didn't know any spells.
Your spell library contained the following spells:

 Spells                   Type           Power      Damage    Failure   Level
 Sting                    Conj/Alch      0%         1d3       43%         1
 Mercury Vapours          Alch/Air       0%         N/A       56%         2
 Summon Ice Beast         Ice/Summ       0%         N/A       80%         3
 Tukima's Dance           Hex            0%         N/A       80%         3
 Passage of Golubria      Tloc           0%         N/A       99%         4
 Yara's Violent Unravell  Hex/Alch       0%         3d3       100%        5
 Malign Gateway           Summ/Tloc      0%         N/A       100%        7


Dungeon Overview and Level Annotations

Branches:
Dungeon (8/15)             Temple (0/1) D:7           Sewer (visited)
   Lair: D:8-11

Altars:
Ashenzari
Cheibriados
Dithmenos
Elyvilon
Makhleb
Qazlal
Ru
Trog
Wu Jian
Yredelemnul

Annotations:
D:2 1 runed translucent door, Crazy Yiuf
D:5 exclusion: shadow


Innate Abilities, Weirdness & Mutations

You cannot wear most types of armour.
You are amphibious.
You can wear up to eight rings at the same time.
Your skin changes colour to match your surroundings (Stealth+).
Your rubbery body absorbs attacks. (AC +1, EV +1)
((You are camouflaged when in or above water. (Stealth+)))
You have tentacles for arms and can constrict up to eight enemies at once.


Message History

The orc warrior is moderately wounded.
You constrict the orc warrior.
You feel sick.
The orc warrior escapes!
You block the orc warrior's attack.
Unknown command.
You lunge at the orc warrior.
You tentacle-slap the orc warrior. Your grab misses the orc warrior.
The orc warrior is lightly wounded.
You spin and attack the orc warrior.
You tentacle-slap the orc warrior but do no damage.
Your grab misses the orc warrior.
The orc warrior is heavily wounded.
You feel sick. You block the orc warrior's attack.
The orc warrior closely misses you.
Unknown command.
Unknown command.
Okay, then.
You closely miss the orc warrior. You grab the orc warrior.
You squeeze the orc warrior, but do no damage.
The orc warrior is heavily wounded.
You constrict the orc warrior, but do no damage.
You block the orc warrior's attack. x2
You closely miss the orc warrior. You grab the orc warrior.
The orc warrior is lightly wounded.
You constrict the orc warrior. x2; You feel sick.
You tentacle-slap the orc warrior.
The orc warrior is moderately wounded.
You constrict the orc warrior. x2; You feel sick.
The orc warrior hits you with a +0 dire flail!
* * * LOW HITPOINT WARNING * * *
The orc warrior hits you with a +0 halberd!
* * * LOW HITPOINT WARNING * * *
The orc priest calls upon Beogh to heal the orc warrior.
The orc warrior is healed somewhat.
You hear a shout!
You are confused.
You feel invigorated.
You constrict the orc warrior, but do no damage. x2
You feel sick. The orc warrior barely misses you.
The orc warrior hits you with a +0 halberd!
You die...

#......#....
+......'.... ## ##
#.###.##.... ##.###.##
###.###+## #8.#.#.8#
+........# #.....#
#........#
#.)o..######+####..#
#####o####..#......###
#...)@......#......#
#...o.......'......#
####..##.##.#......#
#..##.##.########
#.....#....#
#.....#....#
#.....#....#
#.....###### #.....


You could see 2 orc warriors and an orc priest.

Vanquished Creatures
  Pikel (D:7)
  Maurice (D:7)
  2 hornets
  A shadow (D:7)
  A wyvern (D:7)
  An acid dragon (D:8)
  A water moccasin (D:7)
  3 orc warriors
  A sky beast (D:7)
  3 black bears
  A crocodile (Sewer)
  A centaur (D:8)
  3 phantoms
  A lemure (D:7)
  2 bullfrogs
  A kobold brigand (D:6)
  4 scorpions
  6 killer bees (D:7)
  A howler monkey (D:7)
  4 hounds
  3 jellies
  2 orc priests
  6 iguanas
  A sleepcap (D:7)
  Terence (D:2)
  4 orc wizards
  8 adders
  2 white imps
  4 ufetubi
  3 dart slugs
  2 ribbon worms
  28 orcs
  5 endoplasms
  3 giant cockroaches
  6 goblins
  5 hobgoblins
  10 jackals
  2 quokkas (D:2)
  9 ball pythons
  5 bats
  3 frilled lizards
  16 kobolds
  8 rats
175 creatures vanquished.

Notes
Turn   | Place    | Note
-------+----------+-------------------------------------------
     0 | D:1      | MollyMolluskus the Octopode Fighter began the quest for the
                  | Orb.
     0 | D:1      | Reached XP level 1. HP: 16/16 MP: 1/1
   155 | D:1      | Reached XP level 2. HP: 21/21 MP: 2/2
   295 | D:1      | Reached skill level 1 in Stealth
   394 | D:1      | Reached XP level 3. HP: 25/26 MP: 3/3
   978 | D:2      | Reached XP level 4. HP: 13/31 MP: 4/4
  1212 | D:2      | Noticed Terence
  1224 | D:2      | Killed Terence
  1225 | D:2      | Reached skill level 3 in Unarmed Combat
  1332 | D:2      | Found a runed translucent door.
  1333 | D:2      | Noticed Crazy Yiuf
  1501 | D:3      | Found a stormy altar of Qazlal.
  1503 | D:3      | Noticed an earth elemental
  2006 | D:3      | Noticed a fire elemental
  2006 | D:3      | Noticed a water elemental
  2006 | D:3      | Noticed an air elemental
  2458 | D:4      | Reached XP level 5. HP: 36/36 MP: 5/5
  2503 | D:4      | Got the Omnibus of Transforming Beckoning
  2510 | D:4      | Found a basalt altar of Yredelemnul.
  2544 | D:4      | Found a bloodstained altar of Trog.
  2577 | D:4      | Found a burning altar of Makhleb.
  2578 | D:4      | Found a shadowy altar of Dithmenos.
  2642 | D:4      | Noticed a black bear
  2653 | D:4      | Killed a black bear
  2654 | D:4      | Reached XP level 6. HP: 33/43 MP: 6/6
  3001 | D:5      | Entered Level 5 of the Dungeon
  3009 | D:5      | Reached skill level 1 in Shapeshifting
  3092 | D:5      | Reached skill level 4 in Unarmed Combat
  3119 | D:5      | Found a glowing drain.
  3235 | Sewer    | Entered a sewer
  3392 | Sewer    | Reached XP level 7. HP: 18/48 MP: 7/7
  3615 | D:5      | Noticed a shadow
  4031 | D:5      | Reached skill level 5 in Unarmed Combat
  4153 | D:6      | Found a broken altar of Ashenzari.
  4243 | D:6      | Reached XP level 8. HP: 27/54 MP: 8/8
  4428 | D:6      | Noticed a shadow
  4561 | D:6      | Identified a scroll of acquirement
  4561 | D:6      | Acquired the ring "Haeqapn" {AC+4 Dex+3}
  4623 | D:6      | Found an ornate altar of the Wu Jian Council.
  4629 | D:6      | Noticed a hornet
  4631 | D:6      | Became a worshipper of the Wu Jian Council
  4636 | D:6      | Paralysed by a hornet for 1 turns
  4637 | D:6      | Killed a hornet
  4638 | D:6      | Reached skill level 5 in Fighting
  4638 | D:6      | Reached skill level 5 in Dodging
  4638 | D:6      | Reached skill level 6 in Unarmed Combat
  4852 | D:6      | Noticed a yak
  4890 | D:6      | Found a white marble altar of Elyvilon.
  4890 | D:6      | Found a sacrificial altar of Ru.
  5085 | D:7      | Noticed a wyvern
  5096 | D:7      | Killed a wyvern
  5097 | D:7      | Reached skill level 7 in Unarmed Combat
  5097 | D:7      | Reached XP level 9. HP: 39/62 MP: 9/9
  5121 | D:7      | Reached * piety under Wu Jian
  5122 | D:7      | Noticed Maurice
  5135 | D:7      | Killed Maurice
  5141 | D:7      | Reached skill level 8 in Unarmed Combat
  5362 | D:7      | Found a staircase to the Ecumenical Temple.
  5550 | D:7      | Noticed Pikel
  5573 | D:7      | Killed Pikel
  5574 | D:7      | Reached skill level 9 in Unarmed Combat
  5574 | D:7      | Reached skill level 5 in Shapeshifting
  5574 | D:7      | Reached XP level 10. HP: 69/69 MP: 10/10
  6092 | D:8      | Found a snail-covered altar of Cheibriados.
  6625 | D:8      | HP: 3/71 [orc warrior/+0 halberd (16)]
  6626 | D:8      | Mangled by an orc warrior

Illustrated notes

Levels and vault maps discovered:
D:1:      dpeg_arrival_brainrot, layout_rooms
D:2:      layout_rooms, serial_glass, glass_columns_b, glass_columns_b,
          glass_columns_c, glass_columns_b, glass_columns_a, glass_columns_b,
          uniq_terence, uniq_crazy_yiuf_cottage
D:3:      layout_basic, nicolae_qazlal_style_of_elements
D:4:      layout_gridville, nicolae_overflow_hidden_temple, kennysheep_mini_moat
D:5:      layout_rooms, mainiacjoe_sewer_entry_somewhere_in_here_1,
          minmay_fractal_squares_gapless_5
D:6:      layout_cave_pools, nicolae_overflow_crystal_walls,
          nicolae_ashenzari_panopticon, gammafunk_temple_overflow_statue,
          minmay_circle_x
D:7:      layout_gridville, minmay_temple_entry_gardened_gates,
          hangedman_minor_gate_pass, uniq_maurice, uniq_pikel
D:8:      minmay_angry_zag, layout_gridville, cheibriados_altar_1,
          pf_guarded_unrand_meek

Skill      XL: |  1  2  3  4  5  6  7  8  9 10 |
---------------+-------------------------------+-----
Stealth        | 1 2 3 4 |  4.0
Unarmed Combat | 3 4 5 7 9 |  9.3
Shapeshifting  | 1 2 3 5 |  5.3
Dodging        | 4 5 6 7 |  7.2
Fighting       | 4 5 6 7 |  7.0
Shields        | 4 |  4.0

Action                     |  1- 3 |  4- 6 |  7- 9 | 10-12 || total
---------------------------+-------+-------+-------+-------++-------
  Melee: Unarmed           |    87 |   109 |   191 |    46 ||   433
         Constrict         |    22 |    23 |    48 |     9 ||   102
         Tentacles         |    10 |    24 |    57 |     9 ||   100
         Punch             |     2 |     4 |     7 |     4 ||    17
  Throw: Stone             |       |     1 |       |       ||     1
         Boomerang         |       |       |     7 |       ||     7
Ability: Lunge             |       |       |    13 |     5 ||    18
         Whirlwind         |       |       |     2 |     2 ||     4
  Evoke: Wand              |       |       |     4 |     1 ||     5
    Use: Scroll            |     6 |     8 |    11 |       ||    25
         Potion            |       |     2 |     5 |     2 ||     9
   Stab: Sleeping          |     1 |     8 |     5 |     2 ||    16
         Invisible         |       |       |     3 |       ||     3
 Armour: Skin              |    31 |    39 |    71 |    23 ||   164
  Dodge: Dodged            |    38 |    52 |   127 |    18 ||   235
  Block: Buckler           |    18 |    15 |    42 |    16 ||    91
